 Dungeon Crawl Stone Soup version 0.25-a0-700-g7f8a7979f0 (webtiles) character file.

Game seed: 9720551883799523392, levelgen mode: deterministic

172 kae the Insei (level 5, -1/58 HPs)
             Began as a Demigod Transmuter on Apr 2, 2020.
             Slain by an orc
             ... wielding a +0 dagger
              (2 damage)
             ... on level 3 of the Dungeon.
             The game lasted 00:02:24 (2658 turns).

kae the Insei (Demigod Transmuter)                  Turns: 2658, Time: 00:02:25

Health: -1/58      AC:  2    Str: 13    XL:     5   Next: 6%
Magic:  10/12      EV: 12    Int: 19    God:
Gold:   86         SH:  0    Dex: 16    Spells: 6/9 levels left

rFire    . . .     SeeInvis .     - Unarmed
rCold    . . .     Gourm    .   (no shield)
rNeg     . . .     Faith    .   b - +0 robe
rPois    .         Spirit   .   (no helmet)
rElec    .         Reflect  .   (no cloak)
rCorr    .         Harm     .   (no gloves)
MR       .....                  (no boots)
Stlth    ..........             (no amulet)
HPRegen  0.19/turn              (no ring)
MPRegen  0.13/turn              (no ring)

@: berserking, appendage, very quick
A: horns 2, high mp 1
a: End Transformation


You were on level 3 of the Dungeon.
You were hungry.
You had grown temporary horns.
You visited 1 branch of the dungeon, and saw 3 of its levels.

You collected 86 gold pieces.

Inventory:

Missiles
 a - 84 arrows
Armour
 b - a +0 robe (worn)
Jewellery
 h - a cursed ring of attention {unknown}
 j - an uncursed ring of fire {unknown}
 n - a +3 ring of dexterity {unknown}
Scrolls
 c - 4 scrolls of identify {unknown}
 f - a scroll of blinking {unknown}
 g - 3 scrolls of remove curse {unknown}
 i - a scroll of enchant armour {unknown}
Potions
 l - a potion of degeneration {unknown}
 m - 2 potions of ambrosia {unknown}
 o - a potion of might {unknown}
Comestibles
 d - 2 rations


   Skills:
 - Level 0.8 Fighting
 - Level 1.7 Dodging
 * Level 4.3 Unarmed Combat
 + Level 2.7 Spellcasting
 + Level 2.9 Transmutations


You had 6 spell levels left.
You knew the following spells:

 Your Spells              Type           Power        Failure   Level  Hunger
a - Beastly Appendage     Tmut           ##....       4%          1    None
b - Sticks to Snakes      Tmut           ##......     7%          2    ##.....

Your spell library contained the following spells:

 Spells                   Type           Power        Failure   Level  Hunger
 Spider Form              Tmut/Pois      #.........   26%         3    ###....
 Ice Form                 Ice/Tmut       #.......     65%         4    ####...
 Blade Hands              Tmut           ##........   78%         5    ######.


Dungeon Overview and Level Annotations

Branches:
Dungeon (3/15)


Innate Abilities, Weirdness & Mutations

You have an increased reservoir of magic. (+10% MP)
You have a pair of horns on your head.


Message History

You hit the orc but do no damage.
The orc is heavily wounded.
The orc escapes!
The orc hits you with a +0 dagger.
* * * LOW HITPOINT WARNING * * *
Your ball python bites the orc but does no damage.
Your ball python closely misses the orc.
It was a potion of berserk rage.
A red film seems to cover your vision as you go berserk!
You feel yourself moving faster!
You feel mighty! The orc barely misses you.
Your ball python bites the orc but does no damage.
Your ball python barely misses the orc.
The orc hits you with a +0 dagger.
* * * LOW HITPOINT WARNING * * *
You are too berserk!
You barely miss the orc.
The orc is moderately wounded.
The orc misses you.
Your ball python bites the orc but does no damage.
Your ball python grabs the orc.
Your ball python constricts the orc.
The orc hits you with a +0 dagger.
You die...

###....##.. ......
##....# .. #......
#.....# ... #......#
#.##.## ..#####.....%.#
#.##.# # #............#
##.#..# #.#.....#......#
.((#.#####......†#).....#
##.÷...........Soob.....#
#..........###..@###....#
...)....... #...## ...
##......##.##..## #
##......# #....##
..[..........##..#
...>....#.### ##.##
..........## #..#### #
........)..# ##....##.#
...#.##.##.#########....#


You could see 2 orcs, a bat and a friendly ball python.

Vanquished Creatures
  An orc wizard (D:3)
  6 adders
  2 oozes
  A worm (D:2)
  4 dart slugs
  3 leopard geckos
  7 bats
  6 giant cockroaches
  8 goblins
  11 hobgoblins
  A quokka (D:2)
  3 frilled lizards
  8 kobolds
  6 rats
67 creatures vanquished.

Vanquished Creatures (collateral kills)
  An orc (D:3)
1 creature vanquished.

Grand Total: 68 creatures vanquished

Notes
Turn   | Place    | Note
-------+----------+-------------------------------------------
     0 | D:1      | kae the Demigod Transmuter began the quest for the Orb.
     0 | D:1      | Reached XP level 1. HP: 15/15 MP: 5/5
    96 | D:1      | Reached skill level 3 in Unarmed Combat
   119 | D:1      | Reached XP level 2. HP: 16/22 MP: 5/7
   363 | D:1      | Learned a level 2 spell: Sticks to Snakes
   543 | D:1      | Reached XP level 3. HP: 11/27 MP: 6/8
  1105 | D:2      | Found an ornate altar of the Wu Jian Council.
  1130 | D:2      | Found an ancient bone altar of Kikubaaqudgha.
  1645 | D:2      | Reached XP level 4. HP: 29/34 MP: 10/10
  1677 | D:2      | Found an opulent altar of Gozag.
  1927 | D:2      | Found a shattered altar of Ashenzari.
  1998 | D:2      | Reached skill level 4 in Unarmed Combat
  2061 | D:2      | You fall into a shaft and drop 1 floor!
  2062 | D:3      | Found an iron altar of Okawaru.
  2639 | D:3      | Reached XP level 5. HP: 19/39 MP: 12/12
  2657 | D:3      | HP: 1/58 [orc/+0 dagger (3)]
  2658 | D:3      | Slain by an orc

Levels and vault maps discovered:
D:1:      dpeg_arrival_stone_temple_mockup, layout_loops_ring
D:2:      layout_basic, old_standard_altar, grunt_temple_overflow_open,
          ashenzari_altar_1
D:3:      layout_rooms, zin_academy, okawaru_metal_pillars_3

Skill      XL: |  1  2  3  4 |
---------------+-------------+-----
Unarmed Combat | 3 4 |  4.3
Transmutations | 2 |  2.9
Spellcasting   | 2 |  2.7
Fighting       | |  0.8
Dodging        | |  1.7

Action                   |  1- 3 |  4- 6 || total
-------------------------+-------+-------++-------
Melee: Unarmed           |   138 |   100 ||   238
       Kick              |    12 |     4 ||    16
       Headbutt          |     3 |    13 ||    16
       Punch             |     3 |       ||     3
 Cast: Beastly Appendage |    16 |    10 ||    26
       Sticks to Snakes  |     1 |     1 ||     2
  Use: Potion            |       |     3 ||     3
 Stab: Distracted        |     1 |       ||     1
       Sleeping          |       |     1 ||     1
  Eat: Chunk             |     2 |       ||     2
       Ration            |       |     1 ||     1
Armor: Robe              |    23 |    11 ||    34
Dodge: Dodged            |    99 |    84 ||   183

Table legend:
 A = Non-vault XP
 B = Vault XP
 C = Vault XP percentage of total XP
 D = Non-vault monster count
 E = Vault monster count
 F = Vault count percentage of total count
                 A         B        C        D         E       F
            +---------+---------+-------+---------+---------+-------
      Total |     247 |       0 |   0.0 |      68 |       0 |   0.0
            +---------+---------+-------+---------+---------+-------
        D:1 |      57 |       0 |   0.0 |      28 |       0 |   0.0
        D:2 |     112 |       0 |   0.0 |      28 |       0 |   0.0
        D:3 |      78 |       0 |   0.0 |      12 |       0 |   0.0
            +---------+---------+-------+---------+---------+-------
